 Dungeon Crawl Stone Soup version 0.31-a0-1-g4198be8af4 (webtiles) character file.

Game seed: 10294228286117023577

653 jimonade the Chopper (level 7, -2/54 HPs)
             Began as a Mummy Fighter on May 2, 2023.
             Was an Initiate of Ru.
             Slain by an orc warrior
             ... wielding a +0 trident
              (7 damage)
             ... on level 5 of the Dungeon.
             The game lasted 00:10:04 (4492 turns).

jimonade the Chopper (Mummy Fighter)                Turns: 4492, Time: 00:10:04

Health: -2/54      AC:  9    Str: 23    XL:     7   Next: 28%
Magic:  16/16      EV: 12    Int: 13    God:    Ru [......]
Gold:   230        SH:  5    Dex: 16    Spells: 6/6 levels left

rFire   x . .        a - +0 hand axe
rCold   + . .        c - +0 buckler
rNeg    + + +        m - +4 robe of Augmentation {Str+4 Int+4 Dex+4}
rPois   ∞            j - +0 helmet
rElec   .            (no cloak)
rCorr   .            h - +0 pair of gloves
SInv    .            t - +0 pair of boots
Will    .....        (no amulet)
Stlth   ++           n - ring of magical power
HPRegen 0.29/turn    (no ring)
MPRegen 0.15/turn

%: faith
@: no status effects
A: cold resistance 1, negative energy resistance 3, torment resistance 2, heat
vulnerability 1, in touch with death 1, no potions, faith
a: Renounce Religion


You were on level 5 of the Dungeon.
You worshipped Ru.
Ru was noncommittal.
You visited 1 branch of the dungeon, and saw 5 of its levels.
You also visited: Sewer.

You collected 230 gold pieces.

Inventory:

Hand Weapons
 a - a +0 hand axe (weapon)
 d - a +0 heavy hand axe
 e - a +0 war axe
 g - a +0 mace
 i - a +0 rapier
 l - a +0 hammer of protection
Missiles
 f - 25 stones (quivered)
 k - 13 poisoned darts
 w - a boomerang
Armour
 b - the +1 robe "Rywnuush" {rElec Will+}
   (You found it on level 5 of the Dungeon)

   rElec:     It insulates you from electricity.
   Will:      It increases your willpower.
 c - a +0 buckler (worn)
 h - a +0 pair of gloves (worn)
 j - a +0 helmet (worn)
 m - the +4 robe of Augmentation (worn) {Str+4 Int+4 Dex+4}
   (You found it on level 3 of the Dungeon)

   Str:       It affects your strength (+4).
   Int:       It affects your intelligence (+4).
   Dex:       It affects your dexterity (+4).
 o - a +0 troll leather armour {Pargi}
 t - a +0 pair of boots (worn)
Jewellery
 n - a ring of magical power (left hand)
Scrolls
 p - a scroll of vulnerability
 q - 2 scrolls of identify
 r - a scroll of brand weapon
 s - a scroll of magic mapping
 v - a scroll of enchant armour


   Skills:
 + Level 4.2 Fighting
 + Level 4.5 Axes
 + Level 3.2 Armour
 + Level 2.1 Dodging
 - Level 1.2 Stealth
 + Level 3.4 Shields


You had 6 spell levels left.
You didn't know any spells.
Your spell library contained the following spells:

 Spells                   Type           Power      Damage    Failure   Level
 Summon Ice Beast         Ice/Summ       0%         N/A       98%         4
 Alistair's Intoxication  Tmut/Pois      0%         N/A       100%        5
 Iskenderun's Battlesphe  Conj           0%         2d6       100%        5
 Summon Mana Viper        Hex/Summ       0%         N/A       100%        5
 Iron Shot                Conj/Erth      0%         9d1       100%        6
 Spellforged Servitor     Conj/Summ      0%         N/A       100%        7


Dungeon Overview and Level Annotations

Branches:
Dungeon (5/15)              Sewer (visited)
 Temple: D:4-7

Altars:
Ashenzari
Gozag
Hepliaklqana
Kikubaaqudgha
Okawaru
Ru

Shops:
D:2 !

Annotations:
D:2 1 runed translucent door, Crazy Yiuf


Innate Abilities, Weirdness & Mutations

You are immune to poison.
Your flesh is cold resistant. (rC+)
You are immune to negative energy. (rN+++)
You are immune to unholy pain and torment.
You are vulnerable to heat. (rF-)
You are in touch with the powers of death.
You do not drink.
You have a special connection with the divine. (Faith)


Message History

The orc barely misses you. You block the orc warrior's attack.
You hit the orc but do no damage. You barely miss the orc.
The orc warrior hits you from afar with a +0 trident!
The orc hits you but does no damage. x2
You are too injured to fight recklessly!
You hit the orc.
The orc is moderately wounded.
You barely miss the orc.
The orc hits you with a +0 hand axe of pain.
The orc closely misses you.
The orc warrior hits you from afar with a +0 trident.
The orc hits you with a +0 dagger.
* * * LOW HITPOINT WARNING * * *
You block the orc's attack.
The orc warrior hits you from afar with a +0 trident.
* * * LOW HITPOINT WARNING * * *
You closely miss the orc.
The orc is moderately wounded.
You barely miss the orc. The orc hits you but does no damage.
The orc misses you. You block the orc warrior's attack.
You slash the orc!
You kill the orc!
You barely miss the orc. The orc warrior misses you.
The orc hits you but does no damage. The orc attacks as you move away!
The orc hits you but does no damage.
There is an open door here.
Items here: ( )) [[ ††.
You hit the orc.
The orc is severely wounded.
You block the orc's attack. You block the orc warrior's attack.
You slash the orc!
You kill the orc!
The orc warrior hits you from afar with a +0 trident.
* * * LOW HITPOINT WARNING * * *
The orc warrior hits you but does no damage.
There is an open door here.
Items here: ( ))) [[ †††.
You hit the orc warrior but do no damage.
The orc warrior hits you with a +0 trident!
You die...

.# #..........#. .#
#..........#. # .##
#..........#.## ..
............#'###..
.#
............#...#.#
..#
............#...#.#
..
............#...#.#.#
............#...#o..#
#############..)@####
........#.....#
........#.....#
?.......+.....#
##.######......# #.
......# . ......#
......#


You could see an orc warrior.

Vanquished Creatures
  Pargi (Sewer)
  A phantom (D:5)
  3 hounds
  2 orc priests
  A jelly (D:5)
  Natasha (D:4)
  An iguana (D:4)
  3 orc wizards
  9 adders
  2 worms (D:2)
  2 dart slugs
  14 orcs
  3 ball pythons
  9 endoplasms
  A giant cockroach (D:4)
  4 goblins
  2 hobgoblins
  10 jackals
  2 quokkas
  6 bats
  4 frilled lizards
  4 kobolds
  5 rats
90 creatures vanquished.

Vanquished Creatures (others)
  4 plants (D:3)
  2 withered plants (D:4)
6 creatures vanquished.

Grand Total: 96 creatures vanquished

Notes
Turn   | Place    | Note
-------+----------+-------------------------------------------
     0 | D:1      | jimonade the Mummy Fighter began the quest for the Orb.
     0 | D:1      | Reached XP level 1. HP: 18/18 MP: 1/1
   342 | D:1      | Reached XP level 2. HP: 21/24 MP: 2/2
   966 | D:2      | Gained mutation: You are in touch with the powers of death.
                  | [Mummy growth]
   966 | D:2      | Reached XP level 3. HP: 29/29 MP: 3/3
   982 | D:2      | Found Optiv's Distillery.
  1664 | D:2      | Found a runed translucent door.
  1665 | D:2      | Noticed Crazy Yiuf
  1896 | D:3      | Found the +4 robe of Augmentation {Str+4 Int+4 Dex+4}
  1940 | D:3      | Reached XP level 4. HP: 33/35 MP: 4/4
  1967 | D:4      | Found an ancient bone altar of Kikubaaqudgha.
  2122 | D:4      | Reached XP level 5. HP: 41/41 MP: 5/5
  2181 | D:4      | Found a glowing drain.
  2188 | Sewer    | Entered a sewer
  2223 | Sewer    | Noticed Pargi
  2259 | Sewer    | Killed Pargi
  2260 | Sewer    | Reached skill level 1 in Dodging
  2497 | D:4      | Found a hazy altar of Hepliaklqana.
  2723 | D:4      | Reached XP level 6. HP: 48/48 MP: 6/6
  2855 | D:4      | Found an opulent altar of Gozag.
  2912 | D:4      | Noticed Natasha
  2921 | D:4      | Killed Natasha
  3117 | D:3      | Found a sacrificial altar of Ru.
  3161 | D:3      | Became a worshipper of Ru the Awakened
  3297 | D:3      | Reached skill level 1 in Stealth
  3448 | D:3      | Found a faded altar of an unknown god.
  3668 | D:3      | Got Sif Muna's Thoughts on Nasty Bringing Forth
  3859 | D:5      | Entered Level 5 of the Dungeon
  3893 | D:5      | Found an iron altar of Okawaru.
  3904 | D:5      | Identified the +1 robe "Rywnuush" {rElec Will+}
  4064 | D:5      | Reached XP level 7. HP: 39/54 MP: 7/7
  4113 | D:5      | Found a broken altar of Ashenzari.
  4492 | D:5      | Slain by an orc warrior

Illustrated notes

Levels and vault maps discovered:
D:1:      grunt_arrival_crossed_arrows, layout_basic
D:2:      layout_basic, serial_shops, shop_fountains, uniq_crazy_yiuf_cottage
D:3:      layout_loops_cross, nicolae_ru_great_annihilating_truth,
          hellmonk_ecumenical_altar_crossroads, st_stairs_12,
          minmay_misc_feat_rows, corexii_shack, serial_bayou_lagoon_b
D:4:      layout_loops_ring, mainiacjoe_overflow_alcove_4,
          kiku_gazebo_garden_becter, lemuel_tele_altar, gup_sewer_entry_bowl,
          chequers_serial_rivers_room_b, uniq_natasha
D:5:      layout_gridville, mainiacjoe_overflow_catwalk,
          mainiacjoe_overflow_swirl, evilmike_ruin_ashenzari

Skill      XL: |  1  2  3  4  5  6  7 |
---------------+----------------------+-----
Shields        | 3 |  3.4
Axes           | 2 3 4 |  4.5
Armour         | 3 |  3.2
Dodging        | 1 2 |  2.1
Stealth        | 1 |  1.2
Fighting       | 4 |  4.2

Action                     |  1- 3 |  4- 6 |  7- 9 || total
---------------------------+-------+-------+-------++-------
  Melee: War axe           |    38 |       |       ||    38
         Hand axe          |   122 |   200 |    78 ||   400
    Use: Scroll            |       |     6 |       ||     6
   Stab: Invisible         |       |     1 |       ||     1
 Armour: Scale mail        |    86 |       |       ||    86
         Robe              |     2 |    77 |    31 ||   110
  Dodge: Dodged            |    62 |    94 |    46 ||   202
  Block: Buckler           |    32 |    51 |    22 ||   105

Table legend: (Time is in decaauts)
 A = Elapsed time spent in this place.
 B = Non-inter-level travel time spent in this place.
 C = Inter-level travel time spent in this place.
 D = Time resting spent in this place.
 E = Time spent auto-exploring this place.
 F = Levels seen in this place.
 G = Mean time per level.
                   A        B        C        D        E       F      G
               +--------+--------+--------+--------+--------+-----+--------+
         Total |   4617 |   4302 |    315 |      0 |   3158 |   6 |  769.5 |
       Dungeon |   4387 |   4072 |    315 |      0 |   3000 |   5 |  877.4 |
         Sewer |    229 |    229 |      0 |      0 |    158 |   1 |  229.0 |
               +--------+--------+--------+--------+--------+-----+--------+

Top non-repeatable levels by time:
     D:2: 1070 daAuts
     D:3: 955 daAuts
     D:4: 874 daAuts
     D:1: 843 daAuts
     D:5: 643 daAuts
   Sewer: 229 daAuts
